 Dungeon Crawl Stone Soup version 0.32-a0-520-g344ed53f66 (webtiles) character file.

Game seed: 8187441001803360449

307 lunkers the Chopper (level 6, -14/51 HPs)
             Began as a Mountain Dwarf Fighter on Feb 27, 2024.
             Demolished by Menkaure (15 damage)
             ... in an ossuary.
             The game lasted 00:04:28 (3072 turns).

lunkers the Chopper (Mountain Dwarf Fighter)        Turns: 3072, Time: 00:04:28

Health: -14/51     AC: 12    Str: 20    XL:     6   Next: 16%
Magic:  6/6        EV:  9    Int:  9    God:
Gold:   200        SH:  4    Dex:  9    Spells: 5/5 levels left

rFire   . . .        a - +0 war axe
rCold   . . .        c - +0 buckler
rNeg    . . .        b - +0 scale mail
rPois   .            (no helmet)
rElec   .            (no cloak)
rCorr   .            h - +0 pair of gloves
SInv    .            (no boots)
Will    .....        (no amulet) Stlth
                     r - +4 ring of protection
HPRegen 0.28/turn    (no ring)
MPRegen 0.10/turn

%: no passive effects
@: mighty, marked
A: runic magic, artefact enchanting
a: no special abilities


You were in an ossuary.
You visited 1 branch of the dungeon, and saw 4 of its levels.
You also visited: Ossuary.

You collected 200 gold pieces.

Inventory:

Hand Weapons
 a - a +0 war axe (weapon)
 m - a +0 heavy hand axe
Armour
 b - a +0 scale mail (worn)
 c - a +0 buckler (worn)
 h - a +0 pair of gloves (worn)
 j - a +0 chain mail
Jewellery
 r - a +4 ring of protection (left hand)
Scrolls
 k - a scroll of blinking
 n - a scroll of vulnerability {unknown}
 o - a scroll of enchant weapon {unknown}
 p - a scroll of fear {unknown}
 q - a scroll of teleportation {unknown}
Potions
 d - a potion of might
 e - 2 potions of curing {unknown}
 f - a potion of berserk rage {unknown}
 g - a potion of heal wounds {unknown}
 i - a potion of ambrosia {unknown}
 l - a potion of experience {unknown}


   Skills:
 - Level 3.2 Fighting
 + Level 7.9 Axes
 - Level 3.2 Armour
 - Level 3.2 Shields


You had 5 spell levels left.
You didn't know any spells.
Your spell library was empty.

Dungeon Overview and Level Annotations

Branches:
Dungeon (4/15)            Ossuary (1/1)
 Temple: D:4-7

Altars:

Shops:
D:1 (   D:2 (

Annotations:
Ossuary Menkaure


Innate Abilities, Weirdness & Mutations

Your spellcasting is much less encumbered by armour.
You can use scrolls of enchantment on lesser artefacts.


Message History

You block the mummy's attack.
You hit the mummy.
You destroy the mummy!
A goblin zombie comes into view.
Menkaure hits you.
A mummy comes into view.
You hit Menkaure.
Menkaure is lightly damaged.
Menkaure hits you!
* * * LOW HITPOINT WARNING * * *
A goblin zombie comes into view.
You aren't carrying any items that you can evoke.
Unknown command.
There are monsters nearby!
You aren't carrying any items that you can evoke.
Unknown command.
r - a +4 ring of protection (left hand) Menkaure closely misses you.
You feel very mighty all of a sudden. Menkaure hits you!
* * * LOW HITPOINT WARNING * * *
You barely miss Menkaure.
Menkaure is lightly damaged.
Menkaure hits you.
* * * LOW HITPOINT WARNING * * *
You hit Menkaure but do no damage.
Menkaure is lightly damaged.
Menkaure hits you but does no damage. x2
Unknown command.
You slash Menkaure!
Menkaure is heavily damaged.
A hobgoblin skeleton comes into view.
Menkaure casts a spell at you. Pain shoots through your body!
* * * LOW HITPOINT WARNING * * *
Unknown command.
You slash Menkaure!
Menkaure is almost destroyed.
Menkaure hits you!
You die...

##..##..##..####..##..##..##
#..##..##..## ##..##..##..##
..##..##..## ##..##..##..##
.##..##..## ##.^##..##..##
##..##..## ##..##..##..##
#..##..## ##..##..##..## ..##..##
##..##..##..#
.##..##############Z'##..##..##..
##..............@MMZZ.##..##..##.
#########################..##..##
............................##..#
###############################..
.................................
#################################


You could see Menkaure (fast), a mummy, a goblin zombie, a hobgoblin skeleton
and a kobold skeleton.

Vanquished Creatures
  2 orc wizards (D:3)
  2 mummies
  7 gnolls
  4 adders (D:2)
  3 ribbon worms
  4 orcs (D:3)
  8 bats
  10 endoplasms
  2 giant cockroaches (D:2)
  3 gnoll zombies (Ossuary)
  6 hobgoblins
  2 jackals (D:1)
  2 quokkas (D:2)
  9 ball pythons
  2 frilled lizards
  3 gnoll skeletons (Ossuary)
  10 goblins
  4 goblin skeletons (Ossuary)
  2 goblin zombies (Ossuary)
  6 hobgoblin skeletons (Ossuary)
  5 hobgoblin zombies (Ossuary)
  9 kobolds
  3 kobold skeletons (Ossuary)
  7 kobold zombies (Ossuary)
  4 orc skeletons (Ossuary)
  An orc zombie (Ossuary)
  5 rats
  3 rat skeletons (Ossuary)
  5 rat zombies (Ossuary)
133 creatures vanquished.

Notes
Turn   | Place    | Note
-------+----------+-------------------------------------------
     0 | D:1      | lunkers the Mountain Dwarf Fighter began the quest for the
                  | Orb.
     0 | D:1      | Reached XP level 1. HP: 19/19 MP: 1/1
    50 | D:1      | Reached skill level 3 in Axes
    98 | D:1      | Reached XP level 2. HP: 16/26 MP: 2/2
   194 | D:1      | Reached skill level 4 in Axes
   199 | D:1      | Found Gozxikadghi's Weapon Shop.
   386 | D:1      | Reached XP level 3. HP: 30/31 MP: 3/3
   832 | D:2      | Reached skill level 5 in Axes
   911 | D:2      | Reached XP level 4. HP: 33/38 MP: 4/4
  1122 | D:2      | Reached skill level 6 in Axes
  1183 | D:2      | Found Pophoob's Antique Weapon Shop.
  1283 | D:2      | Reached XP level 5. HP: 21/45 MP: 5/5
  1523 | D:3      | Reached skill level 7 in Axes
  2181 | D:3      | Found a faded altar of an unknown god.
  2663 | D:4      | Found a sand-covered staircase.
  2710 | Ossuary  | Entered an ossuary
  2731 | Ossuary  | Reached XP level 6. HP: 51/51 MP: 6/6
  3059 | Ossuary  | Noticed Menkaure
  3071 | Ossuary  | HP: 1/51 [Menkaure/nerve-wracking pain (13)]
  3072 | Ossuary  | Demolished by Menkaure

Illustrated notes

Levels and vault maps discovered:
D:1:      dpeg_arrival_shelter, layout_basic, serial_shops,
          nicolae_shop_bloodbath_and_beyond, st_stairs_10
D:2:      layout_rooms, serial_shops, shop, minmay_fractal_squares_5
D:3:      layout_basic, ebering_ecumenical_altar_hall
D:4:      layout_loops_cross, minmay_temple_entry_mist,
          gup_ossuary_entry_pyramid, dreamdust_princess_corridor
Ossuary:  ossuary_due_pyramid

Skill      XL: |  1  2  3  4  5 |
---------------+----------------+-----
Axes           | 3 4 5 6 7 |  7.9
Fighting       | |  3.2
Armour         | |  3.2
Shields        | |  3.2

Action                     |  1- 3 |  4- 6 || total
---------------------------+-------+-------++-------
  Melee: War axe           |   107 |   278 ||   385
    Use: Scroll            |     1 |       ||     1
         Potion            |       |     1 ||     1
 Armour: Scale mail        |    96 |   162 ||   258
  Dodge: Dodged            |    73 |   100 ||   173
  Block: Buckler           |    21 |    48 ||    69

Table legend: (Time is in decaauts)
 A = Elapsed time spent in this place.
 B = Non-inter-level travel time spent in this place.
 C = Inter-level travel time spent in this place.
 D = Time resting spent in this place.
 E = Time spent auto-exploring this place.
 F = Levels seen in this place.
 G = Mean time per level.
                   A        B        C        D        E       F      G
               +--------+--------+--------+--------+--------+-----+--------+
         Total |   3158 |   3081 |     77 |     32 |   2230 |   5 |  631.6 |
       Dungeon |   2779 |   2702 |     77 |     32 |   2072 |   4 |  694.8 |
       Ossuary |    379 |    379 |      0 |      0 |    158 |   1 |  379.0 |
               +--------+--------+--------+--------+--------+-----+--------+

Top non-repeatable levels by time:
     D:3: 1021 daAuts
     D:1: 805 daAuts
     D:2: 702 daAuts
 Ossuary: 379 daAuts
     D:4: 250 daAuts
